AoeStats
← Mycorrhizal

Pilgrims

509189148Analyzed
4v4 RM · 7d ago on Sep 25, 2026· 17m 7s· 8 players
Game mode
Random Map
Map size
Large (8 player)
Population
200
Speed
Normal
Resources
Standard
Victory
Conquest
Starting age
Dark Age
Ending age
Imperial Age
RankedLock teamsTeams togetherTeam positionsShared explorationLock speedFull tech treeHidden civsTurbo modeCheats
Victory
Defeat
🇲🇽 Georgians · Mexico
1459
+16
🇨🇦 Hindustanis · Canada
1438
+17
🇧🇩 Aztecs · Bangladesh
1390
+19
🇻🇳 Shu · Vietnam
1382
+19
🇸🇻 Celts · El Salvador
1546
-22
🇸🇻 Cumans · El Salvador
1520
-21
🇵🇱 Tatars · Poland
1373
-14
🇲🇽 Malay · Mexico
1354
-14
Mycorrhizal
9:21 Feudal Age
8:49 Loom
9:59 Double-Bit Axe
15:48 Castle Age
14:05 Stone Mining
16:44 Medium Warships
17:14 Fletching
EL MAYA
9:16 Feudal Age
10:10 Double-Bit Axe
13:15 Loom
14:05 Wheelbarrow
thanh7531
2:39 Loom
9:51 Feudal Age
10:40 Man-at-Arms
12:39 Forging
12:30 Arson
12:55 Town Watch
19:03 Castle Age
Gunslinger
6:48 Loom
12:23 Feudal Age
13:02 Double-Bit Axe
13:55 Scale Mail Armor
14:06 Forging
18:41 Castle Age
17:01 Stone Mining
Anonymous
7:53 Loom
10:32 Feudal Age
18:57 Castle Age
Czotyn
7:45 Loom
12:27 Feudal Age
jouĸɘʀ
10:26 Feudal Age
11:26 Loom
11:51 Double-Bit Axe
14:11 Fletching
16:59 Castle Age
Pez4
5:20 Loom
11:42 Feudal Age
12:38 Gold Mining
14:39 Double-Bit Axe
19:01 Castle Age
Connection lost

Rejoining the realm…

Still unreachable

The connection could not be restored.

Session expired

The server has moved on; the page needs a fresh start.